 Dungeon Crawl Stone Soup version 0.30.1-4-g462c640d31 (webtiles) character file.

Game seed: 844023491084273212

1493 hawla the Cudgeller (level 9, -2/70 HPs)
             Began as a Meteoran Fire Elementalist on Aug 19, 2023.
             Was an Initiate of Vehumet.
             Slain by a gnoll sergeant
             ... wielding a +2 trident of distortion
              (24 damage)
             ... on level 6 of the Dungeon.
             The game lasted 00:12:31 (2844 turns).

hawla the Cudgeller (Meteoran Fire Elementalist)    Turns: 2844, Time: 00:12:33

Health: -2/70      AC:  4    Str: 11    XL:     9   Next: 28%
Magic:  0/15       EV: 13    Int: 20    God:    Vehumet [......]
Gold:   207        SH:  0    Dex: 15    Spells: 4/15 levels left

rFire   . . .        z - +2 demon blade (elec)
rCold   . . .        (no shield)
rNeg    . . .        a - +1 robe
rPois   +            (no helmet)
rElec   .            (no cloak)
rCorr   .            q - +0 pair of gloves
SInv    .            (no boots)
Will    +....        (no amulet)
Stlth   +            x - ring of poison resistance
HPRegen 0.31/turn    (no ring)
MPRegen 0.14/turn

%: no passive effects
@: glowing
A: sense surroundings 2, otherworldly, glowing, explore regen
a: Renounce Religion


You were on level 6 of the Dungeon.
You worshipped Vehumet.
Vehumet was noncommittal.
You visited 2 branches of the dungeon, and saw 7 of its levels.
You also visited: Sewer and Ossuary.

You collected 319 gold pieces.
You spent 112 gold pieces at shops.

Inventory:

Hand Weapons
 p - a +0 flail
 z - a +2 demon blade of electrocution (weapon)
Armour
 a - a +1 robe (worn)
 q - a +0 pair of gloves (worn)
Jewellery
 x - a ring of poison resistance (left hand)
Wands
 h - a wand of roots (11) (quivered)
 n - a wand of flame (19)
 v - a wand of digging (8)
Scrolls
 e - 3 scrolls of blinking
 j - 2 scrolls of fog
 m - 6 scrolls of identify
 r - 3 scrolls of immolation {unknown}
 s - a scroll of silence {unknown}
 u - a scroll of teleportation {unknown}
 w - a scroll of noise {unknown}
 y - a scroll of fear
Potions
 b - 5 potions of curing
 c - a potion of lignification
 d - 2 potions of ambrosia
 f - a potion of brilliance
 g - a potion of resistance {unknown}
 i - 4 potions of heal wounds
 k - a potion of might {unknown}
 l - 3 potions of haste
 o - a potion of flight {unknown}
 t - a potion of attraction {unknown}


   Skills:
 - Level 3.2 Fighting
 + Level 4.6 Long Blades
 - Level 7.8 Maces & Flails
 - Level 2.7 Dodging
 - Level 1.4 Stealth
 - Level 3.9 Spellcasting
 - Level 4.5 Conjurations
 - Level 4.5 Translocations
 - Level 4.5 Fire Magic
 - Level 3.0 Evocations


You had 4 spell levels left.
You knew the following spells:

 Your Spells              Type           Power      Damage    Failure   Level
a - Foxfire               Conj/Fire      84%        2x1d8     1%          1
b - Scorch                Fire           44%        2d6       3%          2
c - Flame Wave            Conj/Fire      21%        2d8       21%         4
d - Iskenderun's Mystic   Conj/Tloc      21%        2d6       21%         4

Your spell library contained the following spells:

 Spells                   Type           Power      Damage    Failure   Level
 Shock                    Conj/Air       48%        1d6       5%          1
 Volatile Blastmotes      Fire/Tloc      42%        2d13      6%          3
 Dazzling Flash           Conj/Hex       24%        N/A       16%         3
 Inner Flame              Hex/Fire       12%        N/A       16%         3
 Swiftness                Air            3%         N/A       36%         3
 Airstrike                Air            1%         2d(1-17)  78%         4
 Starburst                Conj/Fire      10%        6d5       97%         6


Dungeon Overview and Level Annotations

Branches:
Dungeon (6/15) Zot: 1130   Temple (1/1) D:6 Zot: 480   Sewer (visited)
Ossuary (visited)

Altars:
Ashenzari
Dithmenos
Elyvilon
Fedhas
Hepliaklqana
Kikubaaqudgha
Makhleb
Nemelex Xobeh
Qazlal
Ru
Sif Muna
Trog
Vehumet
Wu Jian
Xom
Yredelemnul
The Shining One

Shops:
D:3 !   D:5 [

Portals:
Abyss: D:6

Annotations:
D:6 1 transporter, BaconRulez's ghost, amateur FeEn


Innate Abilities, Weirdness & Mutations

You passively map the area around you.
You are easily found by Zot.
You glow in the dark.
You regain HP and MP as you explore.


Message History

Press: ? - help, Dir - look around, f - activate A wave of flame ripples out!
The flame wave engulfs the small abomination.
The small abomination is severely damaged. (Press . to intensify the flame waves.)
The small abomination hits you but does no damage.
You slash the small abomination!
You destroy the small abomination!
Vehumet accepts your kill. BaconRulez's ghost hits you.
Your Long Blades skill gained 2 levels and is now at level 4!
You barely miss the small abomination.
The small abomination is severely damaged.
The gnoll sergeant hits you from afar with a +2 trident of distortion!
BaconRulez's ghost closely misses you.
The small abomination barely misses you.
You slash the small abomination!
Lightning courses through the small abomination!
You destroy the small abomination!
Vehumet accepts your kill. BaconRulez's ghost hits you.
The gnoll sergeant closely misses you.
You barely miss BaconRulez's ghost.
BaconRulez's ghost is heavily damaged.
BaconRulez's ghost barely misses you. The gnoll sergeant misses you.
Your magical contamination has completely faded away.
You miss BaconRulez's ghost.
BaconRulez's ghost is heavily damaged.
BaconRulez's ghost hits you!
The gnoll sergeant hits you from afar with a +2 trident of distortion!
You blink.
Casting: Flame Wave (dangerous; 21% risk of failure)
Confirm with . or Enter, or press ? or * to list all spells.
You conjure some foxfire!
You miss BaconRulez's ghost.
BaconRulez's ghost is heavily damaged.
The foxfire hits BaconRulez's ghost!
BaconRulez's ghost is severely damaged.
The gnoll sergeant hits you from afar with a +2 trident of distortion!
Space warps horribly around you!!
You die...

##.....#.# * ..∩###.#..#.#
#.....#.##.##.#x..[#..#.####.
##...##.#. ?.#..#.##.........
#..##.#.###.####.#...#.#....
#..###..#.##....##...#......
#...##©##..#?#.##....##.....
#....###..##g.©#.....##.....
#.....©...#.W§.#.....##..... #
#.(......##@##.###...##..... ..##
#....#####.v§.#..#..........
#...##...##.##..###.#.##..###....
* #.>#...#....#.#.##../#©.###....
##.....####:.##..##.##...##.##.
#..)........####....###.....#.#*.
..####...[....................#*[
. * #....................#####*.
####........####..#### .


You could see a gnoll sergeant and BaconRulez's ghost (ally target).

Vanquished Creatures
  Pikel (D:6)
  Pargi (Sewer)
  A centaur (D:5)
  A phantom (D:5)
  A scorpion (D:6)
  3 small abominations (D:6)
  2 jellies
  An orc priest (D:5)
  3 hounds
  A sleepcap (D:4)
  2 iguanas
  3 mummies (Ossuary)
  6 adders
  A shadow imp (D:6)
  A white imp (D:5)
  An ufetubus (D:5)
  2 adder zombies (Ossuary)
  2 worms (D:3)
  10 orcs
  3 ball pythons (D:3)
  2 bats
  3 endoplasms
  4 giant cockroaches
  A gnoll zombie (Ossuary)
  2 goblins
  9 hobgoblins
  3 jackals
  2 kobolds
  3 quokkas
  7 frilled lizards
  2 goblin zombies (Ossuary)
  5 hobgoblin zombies (Ossuary)
  2 kobold zombies (Ossuary)
  4 quokka zombies
  4 rats
  4 rat zombies
103 creatures vanquished.

Vanquished Creatures (others)
  97 foxfires
97 creatures vanquished.

Grand Total: 200 creatures vanquished

Notes
Turn   | Place    | Note
-------+----------+-------------------------------------------
     0 | D:1      | hawla the Meteoran Fire Elementalist began the quest for
                  | the Orb.
     0 | D:1      | Reached XP level 1. HP: 14/14 MP: 5/5
    63 | D:1      | Reached XP level 2. HP: 20/20 MP: 2/7
    77 | D:1      | Learned a level 2 spell: Scorch
   125 | D:2      | Reached XP level 3. HP: 9/26 MP: 0/9
   147 | D:2      | HP: 1/26 [rat (2)]
   205 | D:3      | Found Varghimmes's Distillery.
   209 | D:3      | Bought a potion of lignification for 42 gold pieces
   282 | D:3      | Reached XP level 4. HP: 33/33 MP: 6/10
   289 | D:3      | Learned a level 4 spell: Flame Wave
   320 | D:3      | Found a glowing drain.
   340 | Sewer    | Entered a sewer
   394 | Sewer    | Noticed Pargi
   398 | Sewer    | Killed Pargi
   399 | Sewer    | Reached XP level 5. HP: 38/38 MP: 5/11
   524 | D:3      | Bought a potion of heal wounds for 70 gold pieces
   633 | D:4      | Reached XP level 6. HP: 45/45 MP: 7/12
   746 | D:4      | Reached skill level 1 in Evocations
   891 | D:4      | Found an ornate altar of the Wu Jian Council.
  1312 | D:4      | Reached skill level 2 in Maces & Flails
  1350 | D:5      | Entered Level 5 of the Dungeon
  1448 | D:5      | Reached skill level 3 in Maces & Flails
  1534 | D:5      | Reached XP level 7. HP: 40/50 MP: 8/13
  1633 | D:5      | Reached skill level 4 in Maces & Flails
  1700 | D:5      | Found a sand-covered staircase.
  1715 | D:5      | Learned a level 4 spell: Iskenderun's Mystic Blast
  1716 | Ossuary  | Entered an ossuary
  1723 | Ossuary  | Reached skill level 1 in Translocations
  1946 | D:5      | Reached skill level 1 in Fighting
  1988 | D:5      | Reached skill level 5 in Maces & Flails
  1998 | D:5      | Reached XP level 8. HP: 47/59 MP: 3/14
  2204 | D:5      | Found Uxyo's Armour Emporium.
  2483 | D:6      | Found a transporter.
  2523 | D:6      | Noticed Pikel
  2537 | D:6      | Killed Pikel
  2538 | D:6      | Reached skill level 7 in Maces & Flails
  2547 | D:6      | Gained mutation: You passively map the area around you.
                  | [Meteoran growth]
  2547 | D:6      | Reached XP level 9. HP: 43/70 MP: 0/15
  2553 | D:6      | Found a transporter.
  2569 | D:6      | Found a one-way gate to the infinite horrors of the Abyss.
  2569 | D:6      | Noticed BaconRulez's ghost (amateur FeEn)
  2597 | D:6      | Found a staircase to the Ecumenical Temple.
  2635 | Temple   | Entered the Ecumenical Temple
  2744 | Temple   | Became a worshipper of Vehumet
  2773 | D:6      | Reached skill level 1 in Long Blades
  2844 | D:6      | Slain by a gnoll sergeant

Illustrated notes

Levels and vault maps discovered:
D:1:      lightli_arrival_flooded_house, layout_basic
D:2:      layout_rooms, minmay_lizard_pond, uniq_terence
D:3:      layout_loops_ring, serial_shops, nicolae_shop_just_a_little_nook,
          portal_sewer_entry_b, st_stairs_14, uniq_crazy_yiuf_cottage
D:4:      layout_loops_ring, nzn_wu_jian_council_hall, nrook_uturn,
          minmay_door_square
D:5:      layout_basic, enter_ossuary_4, serial_shops, shop
D:6:      layout_rooms, minmay_temple_entry_ruins,
          gammafunk_ghost_abyssal_escape, bh_walls_and_bars, uniq_pikel,
          uniq_edmund, uniq_duvessa
Temple:   nicolae_temple_superstar

Skill      XL: |  1  2  3  4  5  6  7  8  9 |
---------------+----------------------------+-----
Spellcasting   | 3 |  3.9
Fire Magic     | 4 |  4.5
Conjurations   | 4 |  4.5
Evocations     | 2 3 |  3.0
Maces & Flails | 3 5 7 |  7.8
Translocations | 3 4 |  4.5
Fighting       | 1 3 |  3.2
Long Blades    | 4 |  4.6
Dodging        | |  2.7
Stealth        | |  1.4

Action                     |  1- 3 |  4- 6 |  7- 9 || total
---------------------------+-------+-------+-------++-------
  Melee: Unarmed           |    14 |    30 |       ||    44
         Flail             |       |    18 |    69 ||    87
         Punch             |       |       |     3 ||     3
         Demon blade       |       |       |     6 ||     6
   Cast: Foxfire           |    24 |    13 |    20 ||    57
         Scorch            |    10 |    20 |    22 ||    52
         Flame Wave        |       |     4 |     5 ||     9
  Evoke: Wand              |       |       |     1 ||     1
    Use: Scroll            |     4 |     6 |     1 ||    11
         Potion            |     1 |       |       ||     1
 Armour: Robe              |     8 |    19 |    34 ||    61
  Dodge: Dodged            |    30 |    46 |    74 ||   150
